 Dungeon Crawl Stone Soup version 0.31-a0-704-g1016066182 (webtiles) character file.

Game seed: 4436525450809535978

141 Descartes the Sneak (level 5, 0/31 HPs)
             Began as an Octopode Earth Elementalist on Sept 9, 2023.
             Slain by a sleepcap (2 damage)
             ... on level 3 of the Dungeon.
             The game lasted 00:04:23 (2205 turns).

Descartes the Sneak (Octopode Earth Elementalist)   Turns: 2205, Time: 00:04:23

Health: 0/31       AC:  1    Str:  7    XL:     5   Next: 24%
Magic:  7/8        EV: 14    Int: 17    God:
Gold:   150        SH:  0    Dex: 15    Spells: 5/9 levels left

rFire   . . .        c - +0 falchion
rCold   . . .        (no shield)
rNeg    . . .        (helmet restricted)
rPois   .            (no amulet)
rElec   .            (no ring)
rCorr   .            (no ring)
SInv    .            (no ring)
Will    .....        (no ring)
Stlth   ++++         (no ring)
HPRegen 0.25/turn    (no ring)
MPRegen 0.11/turn    (no ring)
                     (no ring)

%: no passive effects
@: studying Ranged Weapons
A: almost no armour, amphibious, 8 rings, camouflage 1, gelatinous body 1,
(nimble swimmer 1), tentacles
a: no special abilities


You were on level 3 of the Dungeon.
You visited 1 branch of the dungeon, and saw 3 of its levels.

You collected 150 gold pieces.

Inventory:

Hand Weapons
 c - a +0 falchion (weapon)
Armour
 n - an orb of light
Talismans
 o - a storm talisman
Wands
 q - a wand of polymorph (10)
Scrolls
 e - a scroll of fog {unknown}
 g - 2 scrolls of identify {unknown}
 h - a scroll of noise {unknown}
 j - a scroll of enchant weapon {unknown}
 k - 2 scrolls of enchant armour {unknown}
 l - 2 scrolls of amnesia {unknown}
 m - 4 scrolls of immolation {unknown}
 p - a scroll of vulnerability {unknown}
Potions
 a - a potion of magic
 b - a potion of berserk rage {unknown}
 d - a potion of enlightenment {unknown}
 f - a potion of curing {unknown}
 i - a potion of mutation {unknown}


   Skills:
 + Level 2.8 Dodging
 + Level 3.9 Stealth
 + Level 2.6 Spellcasting
 + Level 1.8 Conjurations
 - Level 1.0 Transmutations
 + Level 0.8 Air Magic
 + Level 3.5 Earth Magic
 + Level 1.2 Poison Magic
 + Level 0.0 Evocations


You had 5 spell levels left.
You knew the following spells:

 Your Spells              Type           Power      Damage    Failure   Level
a - Sandblast             Erth           28%        2d8       4%          1
b - Mephitic Cloud        Conj/Pois/Air  6%         N/A       32%         3

Your spell library contained the following spells:

 Spells                   Type           Power      Damage    Failure   Level
 Magic Dart               Conj           32%        1d4       9%          1
 Passwall                 Tmut/Erth      8%         N/A       11%         2
 Momentum Strike          Conj/Tloc      10%        3d8       19%         2
 Stone Arrow              Conj/Erth      22%        3d8       19%         3
 Blink                    Tloc           4%         N/A       28%         2
 Call Imp                 Summ           4%         N/A       28%         2
 Lesser Beckoning         Tloc           4%         N/A       28%         2
 Petrify                  Tmut/Erth      10%        N/A       56%         4


Dungeon Overview and Level Annotations

Branches:
Dungeon (3/15)

Altars:
Nemelex Xobeh

Shops:
D:2 ?


Innate Abilities, Weirdness & Mutations

You cannot wear most types of armour.
You are amphibious.
You can wear up to eight rings at the same time.
Your skin changes colour to match your surroundings (Stealth+).
Your rubbery body absorbs attacks. (AC +1, EV +1)
((You are camouflaged when in or above water. (Stealth+)))
You have tentacles for arms and can constrict up to eight enemies at once.


Message History

You now have 136 gold pieces (gained 13).
You see here a +0 dagger.
k - 2 scrolls labelled JUOMPO BAULIO (gained 1)
Found a stone staircase leading down.
You now have 150 gold pieces (gained 14).
There is a stone staircase leading down here.
A hobgoblin comes into view.
A sleepcap comes into view.
The helpless hobgoblin fails to defend itself.
You slash the hobgoblin!
You kill the hobgoblin!
You hit the sleepcap but do no damage. You grab the sleepcap.
You constrict the sleepcap, but do no damage.
The sleepcap closely misses you. The sleepcap releases spores at you.
You are engulfed in a cloud of soporific spores!
You fall asleep.
You lose your grip on the sleepcap.
The sleepcap releases spores at you!
You wake up.
Casting: Sandblast (safe; 4% risk of failure)
Confirm with . or Enter, or press ? or * to list all spells.
Aiming: Sandblast (safe; 4% risk of failure)
Press: ? - help, Shift-Dir - straight line, f - sleepcap
Aim: a sleepcap (100% to hit)
The blast of sand hits the sleepcap but does no damage.
The sleepcap releases spores at you.
* * * LOW HITPOINT WARNING * * *
You are engulfed in a cloud of soporific spores!
You are unaffected.
You hit the sleepcap. You grab the sleepcap.
The sleepcap is lightly damaged.
You constrict the sleepcap, but do no damage.
The sleepcap releases spores at you.
* * * LOW HITPOINT WARNING * * *
You hit the sleepcap.
The sleepcap is moderately damaged.
You constrict the sleepcap, but do no damage.
The sleepcap releases spores at you.
* * * LOW HITPOINT WARNING * * *
The sleepcap releases spores at you.
You die...

.#.....## #.##..#.##.########.#
........# ##....##.##..........#
#.......####...####.#############
#....(..##....## #.#
#.#####.##.##.#####.# #.#
#.............##
..#######..##........#
........#.###........#
......)..)..#...@...†#
.##.###..........f...# # #)#
#.†<#.#........# #..
#.#.#.#........#
##.##...#.#........# .....##
########## ...... #..### .>..


You could see a sleepcap.

Vanquished Creatures
  2 orc priests (D:3)
  2 adders
  2 dart slugs (D:1)
  2 orcs (D:3)
  8 endoplasms
  5 giant cockroaches
  6 hobgoblins
  4 jackals (D:1)
  4 kobolds
  2 quokkas
  4 ball pythons
  2 bats
  2 frilled lizards (D:1)
  3 goblins
  9 rats
57 creatures vanquished.

Notes
Turn   | Place    | Note
-------+----------+-------------------------------------------
     0 | D:1      | Descartes the Octopode Earth Elementalist began the quest
                  | for the Orb.
     0 | D:1      | Reached XP level 1. HP: 11/11 MP: 3/3
    84 | D:1      | Reached XP level 2. HP: 11/17 MP: 0/5
   561 | D:1      | Found a faded altar of an unknown god.
   572 | D:1      | Reached XP level 3. HP: 19/21 MP: 6/6
   651 | D:1      | Reached skill level 1 in Conjurations
  1185 | D:2      | Learned a level 3 spell: Mephitic Cloud
  1373 | D:2      | Found Micidos's Magic Scroll Emporium.
  1413 | D:2      | Found a sparkling altar of Nemelex Xobeh.
  1602 | D:2      | Reached XP level 4. HP: 27/27 MP: 7/7
  1974 | D:3      | Reached skill level 1 in Poison Magic
  1977 | D:3      | Reached XP level 5. HP: 12/31 MP: 4/8
  2205 | D:3      | Slain by a sleepcap

Illustrated notes

Levels and vault maps discovered:
D:1:      dpeg_arrival_arbitrary_b, layout_basic, basic_ecumenical_altar,
          minmay_misc_feat_plants, dk_noncrumbling_4
D:2:      layout_loops_ring, serial_shops, nicolae_shop_window_shopping,
          basic_altar, grunt_decor_arrowhead,
          nicolae_concentric_dashed_squares_wild, minmay_increasing_density
D:3:      layout_basic

Skill      XL: |  1  2  3  4 |
---------------+-------------+-----
Stealth        | 3 |  3.9
Conjurations   | 1 |  1.8
Poison Magic   | 1 |  1.2
Dodging        | |  2.8
Spellcasting   | |  2.6
Transmutations | |  1.0
Air Magic      | |  0.8
Earth Magic    | |  3.5

Action                     |  1- 3 |  4- 6 || total
---------------------------+-------+-------++-------
  Melee: Falchion          |    64 |    28 ||    92
         Constrict         |    17 |     9 ||    26
         Tentacles         |    11 |     5 ||    16
   Cast: Sandblast         |    13 |     6 ||    19
   Stab: Sleeping          |    20 |     5 ||    25
 Armour: Skin              |    28 |    19 ||    47
  Dodge: Dodged            |    33 |    12 ||    45

Table legend: (Time is in decaauts)
 A = Elapsed time spent in this place.
 B = Non-inter-level travel time spent in this place.
 C = Inter-level travel time spent in this place.
 D = Time resting spent in this place.
 E = Time spent auto-exploring this place.
 F = Levels seen in this place.
 G = Mean time per level.
                   A        B        C        D        E       F      G
               +--------+--------+--------+--------+--------+-----+--------+
         Total |   2240 |   2199 |     41 |      0 |   1796 |   3 |  746.7 |
       Dungeon |   2240 |   2199 |     41 |      0 |   1796 |   3 |  746.7 |
               +--------+--------+--------+--------+--------+-----+--------+

Top non-repeatable levels by time:
     D:1: 1109 daAuts
     D:2: 874 daAuts
     D:3: 256 daAuts
